 Dungeon Crawl Stone Soup version 0.24.1-14-gf8d2b509d9 (webtiles) character file.

Game seed: 2095547302015391371, levelgen mode: deterministic

704 Curus the Basher (level 7, 0/41 HPs)
             Began as a Gargoyle Berserker on May 30, 2020.
             Was a Priest of Trog.
             Slain by a killer bee (1 damage)
             ... on level 4 of the Dungeon.
             The game lasted 00:15:12 (3084 turns).

Curus the Basher (Gargoyle Berserker)               Turns: 3084, Time: 00:15:13

Health: 0/41       AC: 15    Str: 21    XL:     7   Next: 67%
Magic:  7/7        EV:  8    Int:  7    God:    Trog [***...]
Gold:   194        SH:  0    Dex: 11    Spells: 6/6 levels left

rFire    . . .     SeeInvis .   q - +0 great mace
rCold    . . .     Gourm    .   (shield currently unavailable)
rNeg     + . .     Faith    .   l - +0 chain mail
rPois    ∞         Spirit   .   i - +0 helmet
rElec    +         Reflect  .   h - +0 cloak
rCorr    .         Harm     .   (no gloves)
MR       .....                  (no boots)
Stlth    ..........             (no amulet)
HPRegen  0.13/turn              p - ring of flight
MPRegen  0.10/turn              (no ring)

@: berserk cooldown, slowed, very slow
A: negative energy resistance 1, electricity resistance, unbreathing,
petrification resistance, rot immunity, AC +4
a: Berserk, Trog's Hand, Renounce Religion, Evoke Flight


You were on level 4 of the Dungeon.
You worshipped Trog.
Trog was most pleased with you.
You were very hungry.

You visited 1 branch of the dungeon, and saw 4 of its levels.

You collected 194 gold pieces.

Inventory:

Hand Weapons
 a - a +3 mace
 q - a +0 great mace (weapon)
 t - a +2 flail of draining
Armour
 b - a +0 animal skin
 h - a +0 cloak (worn)
 i - a +0 helmet (worn)
 l - a +0 chain mail (worn)
 m - a +1 ring mail of poison resistance
Jewellery
 p - a ring of flight (left hand)
Wands
 s - a wand of iceblast (13)
Scrolls
 d - 3 scrolls of teleportation
 f - 6 scrolls of identify
 g - 8 scrolls of remove curse
Potions
 e - 2 potions of degeneration
 j - a potion of resistance
 k - a potion of brilliance
 n - 2 potions of curing
 o - a potion of cancellation
 r - a potion of flight
Comestibles
 c - 11 rations


   Skills:
 - Level 3.2 Fighting
 + Level 8.8 Maces & Flails
 - Level 2.1 Armour
 - Level 1.5 Dodging


You had 6 spell levels left.
You didn't know any spells.
Your spell library was empty.

Dungeon Overview and Level Annotations

Branches:
Dungeon (4/15)
 Temple: D:4-7

Altars:
Ashenzari
Cheibriados
Trog
Xom


Innate Abilities, Weirdness & Mutations

You are resistant to torment.
Your stone body is resilient. (AC +4)
You are immune to poison.
You resist negative energy. (rN+)
You are resistant to electric shocks. (rElec)
You can survive without breathing.
You are immune to petrification.
You are immune to rotting.


Message History

The killer bee closely misses you.
You miss the killer bee.
The killer bee stings you but does no damage.
You barely miss the killer bee.
The killer bee stings you but does no damage.
The killer bee barely misses you.
A bullfrog zombie comes into view.
You barely miss the killer bee. The killer bee barely misses you. x2
You closely miss the killer bee. The killer bee stings you.
* * * LOW HITPOINT WARNING * * *
The killer bee stings you but does no damage.
You closely miss the killer bee. The killer bee stings you.
* * * LOW HITPOINT WARNING * * *
You sock the killer bee!
The killer bee is almost dead.
You are no longer berserk.
You are exhausted.
You feel yourself slow down. The killer bee closely misses you.
The killer bee stings you.
You die...

## .. .# ##### ..
...8# #########.#
.P..######......@yo#
#.##
..P........#######Z#
#... P.88######## ..
#### #.#.# .# #.#...
# #.###... #.# #.#.
#.# .# #.# #


You could see a killer bee, an orc and a bullfrog zombie.

Vanquished Creatures
  An ogre (D:4)
  A scorpion (D:3)
  4 killer bees (D:4)
  A howler monkey (D:4)
  A crimson imp (D:4)
  A bullfrog zombie (D:4)
  A bullfrog skeleton (D:4)
  A worker ant (D:3)
  2 orc wizards (D:4)
  A hound skeleton (D:4)
  Robin (D:2)
  6 adders
  An ooze (D:1)
  An adder zombie (D:4)
  2 worms
  A dart slug (D:3)
  4 leopard geckos
  6 orcs
  A giant cockroach (D:3)
  14 goblins
  11 hobgoblins
  4 jackals (D:4)
  7 kobolds
  A quokka (D:4)
  A ball python (D:1)
  7 bats
  5 frilled lizards
  9 rats
96 creatures vanquished.

Notes
Turn   | Place    | Note
-------+----------+-------------------------------------------
     0 | D:1      | Curus the Gargoyle Berserker began the quest for the Orb.
     0 | D:1      | Reached XP level 1. HP: 14/14 MP: 1/1
    70 | D:1      | Reached XP level 2. HP: 14/19 MP: 2/2
   320 | D:1      | Reached skill level 4 in Maces & Flails
   541 | D:2      | Reached XP level 3. HP: 21/23 MP: 3/3
   567 | D:2      | Found a shimmering altar of Xom.
   618 | D:2      | Found a snail-covered altar of Cheibriados.
   764 | D:2      | Noticed Robin
   788 | D:2      | Reached ** piety under Trog
   788 | D:2      | Reached XP level 4. HP: 12/28 MP: 4/4
   803 | D:2      | Killed Robin
   803 | D:2      | Reached skill level 5 in Maces & Flails
  1124 | D:2      | Found a shattered altar of Ashenzari.
  1482 | D:3      | Reached XP level 5. HP: 23/32 MP: 5/5
  1663 | D:3      | Reached skill level 6 in Maces & Flails
  2282 | D:3      | Reached *** piety under Trog
  2492 | D:4      | Reached XP level 6. HP: 27/37 MP: 6/6
  2508 | D:4      | Reached skill level 7 in Maces & Flails
  2856 | D:4      | Found a bloodstained altar of Trog.
  2924 | D:4      | Reached XP level 7. HP: 36/41 MP: 7/7
  2967 | D:4      | Reached skill level 8 in Maces & Flails
  3083 | D:4      | HP: 1/61 [killer bee (3)]
  3084 | D:4      | Slain by a killer bee

Levels and vault maps discovered:
D:1:      sevenhm_arrival_forest_fort_large_4, layout_basic
D:2:      layout_basic, nicolae_ashenzari_panopticon,
          nicolae_overflow_crystal_walls, old_standard_altar, serial_glass,
          glass_columns_a, glass_columns_b, item_on_display_a, uniq_robin
D:3:      layout_basic, guppyfry_early_orc_mine
D:4:      layout_loops_ring, old_standard_altar, serial_undead, serial_undead_e,
          serial_undead_e, serial_undead_c, serial_undead_b, serial_undead_c,
          serial_undead_f, first_ration

Skill      XL: |  1  2  3  4  5  6  7 |
---------------+----------------------+-----
Maces & Flails | 4 5 6 7 8 |  8.8
Fighting       | |  3.2
Armour         | |  2.1
Dodging        | |  1.5

Action                   |  1- 3 |  4- 6 |  7- 9 || total
-------------------------+-------+-------+-------++-------
Melee: Mace              |    94 |   121 |       ||   215
       Great mace        |       |    70 |    60 ||   130
Invok: Berserk           |       |     1 |     1 ||     2
  Use: Scroll            |     6 |     3 |       ||     9
       Potion            |     5 |     2 |       ||     7
  Eat: Chunk             |       |     7 |     1 ||     8
Armor: Animal skin       |    40 |    17 |       ||    57
       Ring mail         |       |    12 |       ||    12
       Chain mail        |       |    90 |    57 ||   147
Dodge: Dodged            |    66 |   104 |    37 ||   207
